 Dungeon Crawl Stone Soup version 0.29.1-12-g30fa7ad0bf (webtiles) character file.

Game seed: 6142737905599244606

203 fishmans the Cudgeller (level 5, -4/32 HPs)
             Began as a Gargoyle Fighter on Jan 4, 2023.
             Slain by an orc
             ... wielding a +0 whip
              (6 damage)
             ... on level 2 of the Dungeon.
             The game lasted 00:12:05 (3151 turns).

fishmans the Cudgeller (Gargoyle Fighter)           Turns: 3151, Time: 00:12:05

Health: -4/32      AC: 11    Str: 22    XL:     5   Next: 81%
Magic:  0/5        EV:  9    Int:  8    God:
Gold:   251        SH:  4    Dex:  9    Spells: 4/4 levels left

rFire   . . .      SeeInvis .   a - +0 flail
rCold   . . .      Faith    .   c - +0 buckler
rNeg    + . .      Spirit   +   b - +1 scale mail
rPois   ∞          Reflect  .   (no helmet)
rElec   +          Harm     .   (no cloak)
rCorr   .          Rampage  .   (no gloves)
Will    .....                   (no boots)
Stlth   ..........              h - amulet of guardian spirit
HPRegen 0.10/turn               (no ring)
MPRegen 0.09/turn               (no ring)

@: mighty
A: sickness immunity, AC +4, negative energy resistance 1, electricity
resistance, torment resistance 1, petrification resistance
a: no special abilities


You were on level 2 of the Dungeon.
You visited 1 branch of the dungeon, and saw 3 of its levels.

You collected 251 gold pieces.

Inventory:

Hand Weapons
 a - a +0 flail (weapon)
Missiles
 m - 3 boomerangs (quivered)
Armour
 b - a +1 scale mail (worn)
 c - a +0 buckler (worn)
Jewellery
 h - an amulet of guardian spirit (around neck)
Scrolls
 i - a scroll of teleportation {unknown}
 k - a scroll of fear
 l - a scroll of silence
 n - 2 scrolls of identify
Potions
 e - a potion of ambrosia {unknown}
 f - a potion of flight {unknown}
 g - 2 potions of brilliance
 j - 2 potions of curing {unknown}
 o - a potion of berserk rage


   Skills:
 - Level 3.3 Fighting
 + Level 5.8 Maces & Flails
 - Level 3.3 Armour
 - Level 3.3 Shields


You had 4 spell levels left.
You didn't know any spells.
Your spell library contained the following spells:

 Spells                   Type           Power      Damage    Failure   Level
 Iskenderun's Mystic Bla  Conj/Tloc      0%         2d3       100%        4
 Storm Form               Tmut/Air       0%         N/A       100%        7
 Chain Lightning          Conj/Air       0%         N/A       100%        9


Dungeon Overview and Level Annotations

Branches:
Dungeon (3/15)

Altars:
Elyvilon


Innate Abilities, Weirdness & Mutations

You are immune to sickness and miasma.
Your stone body is resilient. (AC +4)
You are immune to poison.
You resist negative energy. (rN+)
You are resistant to electric shocks. (rElec)
You are resistant to unholy torment.
You are immune to petrification.


Message History

The orc closely misses you.
You hit Ijyb.
Ijyb is moderately wounded.
The orc misses you. Ijyb hits you but does no damage.
The orc hits you but does no damage.
You sock Ijyb!
Ijyb is severely wounded.
Ijyb zaps a wand.
The puff of flame hits you. The orc hits you but does no damage.
Ijyb screams, "Me kill you!" Ijyb barely misses you.
You closely miss Ijyb.
Ijyb is severely wounded.
The orc hits you but does no damage. The orc misses you.
Ijyb hits you with a +0 club.
You hit Ijyb but do no damage.
Ijyb is severely wounded.
The orc hits you but does no damage. Ijyb closely misses you.
The orc hits you with a +0 whip!
You hit Ijyb.
Ijyb is severely wounded.
The orc hits you but does no damage. Ijyb barely misses you.
The orc hits you but does no damage.
You barely miss Ijyb.
Ijyb is severely wounded.
Ijyb zaps a wand.
The puff of flame hits you.
* * * LOW HITPOINT WARNING * * *
The orc hits you but does no damage.
You barely miss Ijyb.
Ijyb is severely wounded.
The orc hits you but does no damage.
Ijyb zaps a wand.
The puff of flame hits you but does no damage.
The orc hits you with a +0 whip!
* * * LOW HITPOINT WARNING * * *
You sock Ijyb!
You kill Ijyb!
The orc misses you. The orc barely misses you.
Okay, then.
You completely miss the orc. The orc hits you with a +0 whip!
You die...

#.# #......# # #.#
#.##.### # #.# #.##.#
# #.# #.##.# #.#
###.##.## #.#
#..)....# #.#
###.###.#.#
#.#######o..# #.#.#
#.......@.#[###.#.#
########).#.....#.#
#..#######.# #..# #.#
#..# #.# #..# #.#
#########).#######.###
#....................#
###
#.#######........#.#.#
#..


You could see an orc (berserk).

Vanquished Creatures
  An orc priest (D:3)
  Ijyb (D:2)
  Jessica (D:2)
  An orc wizard (D:3)
  3 adders
  A worm (D:3)
  A dart slug (D:3)
  4 orcs
  A ball python (D:1)
  6 endoplasms
  5 giant cockroaches
  2 goblins
  6 hobgoblins
  6 jackals
  5 kobolds
  3 quokkas
  5 bats
  A frilled lizard (D:1)
  3 rats
56 creatures vanquished.

Vanquished Creatures (others)
  A plant (D:1)
  5 toadstools (D:1)
6 creatures vanquished.

Grand Total: 62 creatures vanquished

Notes
Turn   | Place    | Note
-------+----------+-------------------------------------------
     0 | D:1      | fishmans the Gargoyle Fighter began the quest for the Orb.
     0 | D:1      | Reached XP level 1. HP: 14/14 MP: 1/1
   530 | D:1      | Reached XP level 2. HP: 19/19 MP: 2/2
   727 | D:1      | Reached skill level 3 in Maces & Flails
  1037 | D:1      | Reached XP level 3. HP: 23/23 MP: 3/3
  1521 | D:2      | Found a faded altar of an unknown god.
  1620 | D:2      | Found a white marble altar of Elyvilon.
  2008 | D:2      | Reached skill level 4 in Maces & Flails
  2071 | D:2      | Got the Parchment of the Combative Lungs
  2217 | D:2      | Reached XP level 4. HP: 28/28 MP: 4/4
  2492 | D:3      | Noticed Jessica
  2684 | D:2      | Killed Jessica
  2760 | D:3      | Reached skill level 5 in Maces & Flails
  2760 | D:3      | Reached XP level 5. HP: 32/32 MP: 5/5
  3133 | D:3      | Noticed Ijyb
  3149 | D:2      | HP: 1/32 [orc/+0 whip (6)]
  3150 | D:2      | Killed Ijyb
  3151 | D:2      | Slain by an orc

Illustrated notes

Levels and vault maps discovered:
D:1:      saegor_arrival_simple_c, layout_basic, serial_forest,
          infiniplex_forest_side_room, infiniplex_forest_straight_2,
          infiniplex_forest_end_3, infiniplex_forest_lined_corner,
          infiniplex_forest_clump_small, infiniplex_forest_clump_long,
          minmay_gold_behind_fungi
D:2:      layout_loops_ring, ebering_ecumenical_altar_hall, basic_altar,
          minmay_tetromino_i4
D:3:      layout_rooms, ebering_ghost_inner_flame, uniq_jessica, uniq_ijyb

Skill      XL: |  1  2  3  4 |
---------------+-------------+-----
Maces & Flails | 3 4 5 |  5.8
Fighting       | |  3.3
Armour         | |  3.3
Shields        | |  3.3

Action                   |  1- 3 |  4- 6 || total
-------------------------+-------+-------++-------
Melee: Flail             |   148 |    87 ||   235
  Use: Scroll            |     3 |     4 ||     7
       Potion            |       |     1 ||     1
 Stab: Distracted        |     1 |       ||     1
Armor: Scale mail        |   101 |    57 ||   158
Dodge: Dodged            |    86 |    40 ||   126
Block: Buckler           |    31 |    17 ||    48
